 Dungeon Crawl Stone Soup version 0.30.0-30-g96aa6591b8 (webtiles) character file.

Game seed: 4009150442483546805

86725 croobank the Basher (level 15, -7/117 HPs)
             Began as a Gnoll Summoner on June 28, 2023.
             Was an Initiate of Gozag.
             Killed by divine providence
             ... invoked by a smoke demon
             ... summoned by an orc high priest
              (16 damage)
             ... on level 2 of the Orcish Mines.
             The game lasted 01:49:35 (29152 turns).

croobank the Basher (Gnoll Summoner)               Turns: 29152, Time: 01:49:36

Health: -7/117     AC:  9    Str:  8    XL:     15   Next: 88%
Magic:  13/30      EV: 22    Int: 20    God:    Gozag
Gold:   6939       SH:  7    Dex: 14    Spells: 4/37 levels left

rFire   + . .        a - +8 club (spect)
rCold   + . .        X - +0 buckler
rNeg    . . .        D - +2 robe {Will+}
rPois   .            q - +2 helmet
rElec   .            G - scarf {rC+ rF+}
rCorr   .            h - +0 pair of gloves
SInv    .            (no boots)
Will    ++...        M - amulet of magic regeneration
Stlth   +++++        A - +5 ring of evasion
HPRegen 0.39/turn    F - ring of wizardry
MPRegen 0.62/turn

%: wizardry (x1)
@: very slightly contaminated, studying Maces & Flails
A: fangs 1, strong nose, distributed training
a: Renounce Religion, Potion Petition, Call Merchant, Bribe Branch


You were on level 2 of the Orcish Mines.
You worshipped Gozag.
Gozag was greatly pleased with you.
You visited 4 branches of the dungeon, and saw 22 of its levels.
You also visited: Ossuary.

You collected 7143 gold pieces.
You paid 204 gold pieces to Gozag.

Inventory:

Hand Weapons
 a - a +8 spectral club (weapon)
 d - a +2 dagger of holy wrath
 y - a +0 morningstar of holy wrath
 I - a -1 demon whip of venom
 T - a +5 scimitar of flaming
 Y - a +4 war axe of freezing
Missiles
 f - 32 poisoned darts
 v - 5 boomerangs of dispersal
 C - 6 throwing nets
Armour
 h - a +0 pair of gloves (worn)
 j - a +0 leather armour
 q - a +2 helmet (worn)
 D - a +2 robe of willpower (worn)
 G - a scarf of resistance (worn)
 Q - a +1 ring mail of cold resistance
 V - +0 acid dragon scales
 X - a +0 buckler (worn)
Jewellery
 o - a ring of flight
 s - a ring of positive energy
 z - a ring of fire
 A - a +5 ring of evasion (left hand)
 F - a ring of wizardry (right hand)
 M - an amulet of magic regeneration (around neck)
 U - a +6 ring of dexterity
Wands
 c - a wand of roots (9)
 p - a wand of mindburst (6)
 H - a wand of digging (8)
 N - a wand of flame (33)
 W - a wand of paralysis (6)
Scrolls
 g - a scroll of summoning
 k - 2 scrolls of fear
 l - 4 scrolls of amnesia
 m - 10 scrolls of identify
 E - 7 scrolls of poison
 J - a scroll of blinking
 O - 3 scrolls of brand weapon
 R - 8 scrolls of teleportation
 S - 6 scrolls of vulnerability
 Z - 4 scrolls of immolation
Potions
 b - a potion of magic
 e - 4 potions of flight
 i - a potion of cancellation
 n - 11 potions of curing
 r - 4 potions of attraction
 t - 2 potions of might
 u - 3 potions of haste
 w - 3 potions of lignification
 x - 4 potions of ambrosia
 B - 7 potions of mutation
 K - 6 potions of brilliance
 L - a potion of invisibility
 P - 2 potions of heal wounds


   Skills:
 + Level 10.8 Fighting
 + Level 10.8 Short Blades
 + Level 10.8 Long Blades
 + Level 10.8 Axes
 + Level 14.6 Maces & Flails
 + Level 10.8 Polearms
 + Level 10.8 Staves
 + Level 10.8 Ranged Weapons
 + Level 10.8 Throwing
 + Level 10.8 Armour
 + Level 11.7 Dodging
 + Level 11.6 Stealth
 + Level 10.8 Shields
 + Level 10.8 Unarmed Combat
 + Level 11.9 Spellcasting
 + Level 9.1 Conjurations
 + Level 9.1 Hexes
 + Level 11.5 Summonings
 + Level 9.1 Necromancy
 + Level 9.1 Translocations
 + Level 9.1 Transmutations
 + Level 9.1 Fire Magic
 + Level 9.1 Ice Magic
 + Level 9.1 Air Magic
 + Level 9.1 Earth Magic
 + Level 9.1 Poison Magic
 + Level 11.7 Invocations
 + Level 10.8 Evocations


You had 4 spell levels left.
You knew the following spells:

 Your Spells              Type           Power      Damage    Failure   Level
a - Summon Small Mammal   Summ           100%       N/A       1%          1
b - Call Imp              Summ           100%       N/A       1%          2
c - Call Canine Familiar  Summ           55%        N/A       1%          3
d - Summon Guardian Gole  Hex/Summ       52%        N/A       1%          3
e - Summon Lightning Spi  Summ/Air       52%        N/A       1%          4
f - Summon Mana Viper     Hex/Summ       52%        N/A       1%          5
g - Summon Cactus Giant   Summ           27%        N/A       4%          6
h - Summon Forest         Summ/Tloc      26%        N/A       1%          5
o - Olgreb's Toxic Radia  Pois           48%        N/A       1%          4

Your spell library contained the following spells:

 Spells                   Type           Power      Damage    Failure   Level
 Apportation              Tloc           96%        N/A       1%          1
 Beastly Appendage        Tmut           96%        N/A       1%          1
 Necrotise                Necr           100%       1d9       1%          1
 Sting                    Tmut/Pois      100%       1d8       1%          1
 Poisonous Vapours        Pois/Air       96%        N/A       1%          2
 Wereblood                Tmut           48%        N/A       1%          2
 Ozocubu's Armour         Ice            48%        N/A       1%          3
 Spider Form              Tmut/Pois      48%        N/A       1%          3
 Volatile Blastmotes      Fire/Tloc      96%        2d18      1%          3
 Fulminant Prism          Conj/Hex       24%        3d12      1%          4
 Iskenderun's Mystic Bla  Conj/Tloc      48%        2d11      1%          4
 Alistair's Intoxication  Tmut/Pois      32%        N/A       1%          5
 Blade Hands              Tmut           24%        N/A       1%          5
 Irradiate                Conj/Tmut      24%        3d19      1%          5
 Iskenderun's Battlesphe  Conj           48%        2d10      1%          5
 Lee's Rapid Deconstruct  Erth           24%        3d13*     1%          5
 Metabolic Englaciation   Hex/Ice        24%        N/A       1%          5
 Iron Shot                Conj/Erth      24%        9d5       11%         6
 Spellforged Servitor     Conj/Summ      26%        N/A       34%         7
 Dragon Form              Tmut           24%        N/A       50%         7
 Discord                  Hex            24%        N/A       98%         8
 Ignition                 Fire           24%        3d8       98%         8
 Simulacrum               Ice/Necr       Unusable   N/A       N/A         6

Dungeon Overview and Level Annotations

Branches:
Dungeon (14/15)            Temple (1/1) D:5            Lair (5/5) D:11
  Swamp (0/4) Lair:2        Snake (0/4) Lair:2        Slime (0/5) Lair:5
    Orc (2/2) D:12            Elf (0/3) Orc:2        Vaults (0/5) D:13
Ossuary (visited)

Altars:
Ashenzari
Cheibriados
Dithmenos
Elyvilon
Fedhas
Gozag
Hepliaklqana
Kikubaaqudgha
Makhleb
Nemelex Xobeh
Okawaru
Qazlal
Ru
Sif Muna
Trog
Uskayaw
Vehumet
Wu Jian
Xom
Yredelemnul
Zin
The Shining One
Jiyva

Shops:
D:6 *

Annotations:
D:7 3 runed translucent doors, Jakamomo's ghost, novice MiFi


Innate Abilities, Weirdness & Mutations

You have very sharp teeth.
Your uncanny sense of smell can sniff out nearby items.
Your experience applies equally to all skills.


Message History

Your mana viper disappears in a puff of smoke!
You block the soul eater's attack. The smoke demon gestures at you.
Beogh smites you!
The orc high priest shouts, "You are a heretic and must be destroyed!"
The orc high priest closely misses you.
You sock the nameless horror!
You bite the nameless horror, but do no damage.
The nameless horror is severely damaged.
Your +8 spectral club hits the nameless horror but does no damage.
The soul eater hits you!
* * * LOW HITPOINT WARNING * * *
You block the nameless horror's attack.
Casting: Summon Mana Viper (mildly dangerous; 1% risk of failure)
Confirm with . or Enter, or press ? or * to list all spells.
A mana viper appears with a sibilant hiss.
Your +8 spectral club disappears.
The orc high priest closely misses you. The soul eater hits you!
* * * LOW HITPOINT WARNING * * *
The nameless horror misses you.
You swap places.
The orc high priest mumbles some strange prayers to Beogh.
Your mana viper bites the nameless horror!
The soul eater barely misses your mana viper.
Send 'em back where they came from!
Your mana viper disappears in a puff of smoke!
As you read the scroll of summoning, it crumbles to dust.
Wisps of shadow whirl around you...
The soul eater disappears in a puff of smoke!
The orc high priest calls down the wrath of Beogh upon you.
Beogh smites you!
* * * LOW HITPOINT WARNING * * *
You block the smoke demon's attack.
The smoke demon hits you but does no damage.
The smoke demon completely misses you.
You swap places.
The orc high priest prays to Beogh.
The smoke demon gestures at you. Beogh smites you!
You die...
Your body crumbles into a pile of gold.

$ .......#..
........................
............................
.............................
..............................
..............o...............
#.........o...o............)..
#..............o..............
##........o...@O.o.............
#.........).)oo................
#............3X................
##........o.4o3o...............
#......)......3.o..............
#...........$$)........#.......
##..#.....).$...)...#..........
#.. #......$$)).....#..........
## #######.$)#######........##


You could see a nameless horror (ally target), 2 orc high priests, a sun demon
(summoned), a smoke demon (summoned, ally target), a ynoxinul (summoned), a red
devil (summoned), a friendly orc knight (summoned), 2 friendly orc warriors, a
friendly ogre (summoned), 2 friendly orc priests, 2 friendly orc wizards and 3
friendly orcs.

Vanquished Creatures
  An entropy weaver (shapeshifter) (D:12)
  A hydra (Lair:5)
  2 catoblepae (Lair:5)
  A boulder beetle (D:12)
  A centaur warrior (D:13)
  4 death yaks (Lair:5)
  An orc high priest (Orc:2)
  Amaemon (D:11)
  3 orc knights (Orc:2)
  A cyclops (D:13)
  A manticore (Lair:5)
  An orc sorcerer (Orc:2)
  An elephant (Lair:4)
  Maurice (D:10)
  A black mamba (Lair:5)
  2 cane toads
  An unseen horror (D:11)
  2 rime drakes
  2 komodo dragons
  A troll (D:11)
  A polar bear (Lair:4)
  Prince Ribbit (D:8)
  A blink frog (Lair:1)
  A slime creature (D:12)
  A shadow (D:12)
  A vampire (D:11)
  9 yaks
  2 steam dragons
  2 nameless horrors
  A vampire mosquito (D:14)
  A warg (Orc:2)
  A naga (Lair:2)
  3 water moccasins
  An ice beast (D:7)
  2 black bears
  11 orc warriors
  A black bear (shapeshifter) (D:13)
  2 ogres
  7 centaurs
  5 bullfrogs
  8 killer bees
  2 howler monkeys
  3 hounds
  17 orc priests
  2 sleepcaps
  Ijyb (D:3)
  13 orc wizards
  A gnoll (D:6)
  5 adders
  A shadow imp (D:6)
  3 dart slugs
  3 worms
  40 orcs
  2 bats
  4 endoplasms
  A giant cockroach (D:4)
  8 goblins
  A hobgoblin (D:1)
  A jackal (D:2)
  A quokka (D:4)
  2 ball pythons
  3 kobolds
  2 orc skeletons (Ossuary)
  5 rats
212 creatures vanquished.

Vanquished Creatures (collateral kills)
  Gastronok (D:9)
  Kirke (Lair:5)
  The ghost of rpophessagr the Bludgeoner, a journeyman HOMo of Ashenzari (Orc:1)
  A broodmother (shapeshifter) (D:13)
  Snorg (Lair:5)
  3 vault guards (D:13)
  A catoblepas (Lair:5)
  5 hydras
  5 boulder beetles
  A two-headed ogre (Orc:2)
  17 death yaks
  A tengu warrior (D:14)
  An orc high priest (Orc:2)
  Nergalle (Lair:1)
  A skyshark (Lair:2)
  2 bog bodies (Lair:2)
  8 orc knights
  5 cyclopes
  An ugly thing (D:11)
  A manticore (Lair:5)
  4 elephants (Lair:4)
  3 black mambas
  A rime drake (Lair:5)
  Maggie (D:8)
  4 cane toads
  5 komodo dragons
  An efreet (D:13)
  A tengu conjurer (D:14)
  2 trolls
  A polar bear (Lair:1)
  A hornet (D:9)
  7 blink frogs (Lair:1)
  A slime creature (D:12)
  A wraith (Ossuary)
  A human (Lair:5)
  A wyvern (D:9)
  A hog (Lair:5)
  2 basilisks
  A vampire (D:11)
  21 yaks
  2 steam dragons
  6 vampire mosquitoes
  3 nagas (Lair:2)
  4 wargs
  3 swamp worms (Lair:2)
  11 water moccasins
  24 orc warriors
  A swamp drake (Lair:5)
  A sky beast (D:7)
  9 ogres
  17 wolves
  A lemure (D:4)
  7 centaurs
  4 bullfrogs
  A gnoll sergeant (D:9)
  3 scorpions
  10 wights
  7 killer bees
  4 electric eels
  2 howler monkeys (D:8)
  2 hounds (D:11)
  12 orc priests
  2 jellies (D:5)
  Jessica (D:2)
  An iguana (D:7)
  2 sleepcaps
  7 orc wizards
  A mummy (Ossuary)
  Robin (D:2)
  15 gnolls
  6 adders
  A shadow imp (D:5)
  2 worms (D:2)
  2 dart slugs
  32 orcs
  7 ball pythons
  2 endoplasms
  A giant cockroach (D:2)
  8 goblins
  11 hobgoblins
  5 jackals (D:2)
  A bat (D:2)
  A frilled lizard (D:1)
  3 gnoll skeletons (Ossuary)
  3 kobolds
  6 kobold skeletons (Ossuary)
  14 orc skeletons (Ossuary)
  3 rats
  A snaplasher vine (Lair:4)
391 creatures vanquished.

Vanquished Creatures (others)
  5 vault guards (D:13)
  2 hydras
  A death knight (D:13)
  2 two-headed ogres
  A death yak (Lair:4)
  Lodul (D:11)
  Pikel (D:4)
  An ugly thing (D:12)
  2 manticores
  An orange demon (D:11)
  A komodo dragon (Lair:5)
  2 trolls
  A slime creature (D:12)
  6 yaks
  Grum (D:11)
  A wyvern (D:10)
  5 humans (Lair:5)
  A vampire mosquito (Lair:5)
  5 ogres (D:11)
  A wolf (D:11)
  2 centaurs (D:13)
  A lemure (D:4)
  2 gnoll sergeants
  2 killer bees
  An electric eel (D:11)
  An orc priest (Orc:2)
  3 orc wizards
  4 gnolls
  An orc (D:7)
  An endoplasm (D:4)
  9 snaplasher vines
  A spectral weapon (Lair:5)
69 creatures vanquished.

Grand Total: 672 creatures vanquished

Notes
Turn   | Place    | Note
-------+----------+-------------------------------------------
     0 | D:1      | croobank the Gnoll Summoner began the quest for the Orb.
     0 | D:1      | Reached XP level 1. HP: 13/13 MP: 6/6
   215 | D:1      | Reached XP level 2. HP: 4/19 MP: 4/7
   280 | D:1      | Learned a level 2 spell: Call Imp
   705 | D:1      | Found a faded altar of an unknown god.
  1095 | D:2      | Reached skill level 5 in Spellcasting
  1095 | D:2      | Reached XP level 3. HP: 25/25 MP: 3/9
  1104 | D:1      | HP: 1/25 [goblin/+0 club[Robin] (1)]
  1294 | D:2      | Learned a level 3 spell: Call Canine Familiar
  1317 | D:2      | Noticed Robin
  1329 | D:2      | Reached skill level 1 in Invocations
  1472 | D:2      | Killed Robin
  1473 | D:2      | Reached skill level 1 in Fighting
  1473 | D:2      | Reached skill level 1 in Short Blades
  1473 | D:2      | Reached skill level 1 in Long Blades
  1473 | D:2      | Reached skill level 1 in Axes
  1473 | D:2      | Reached skill level 1 in Maces & Flails
  1473 | D:2      | Reached skill level 1 in Polearms
  1473 | D:2      | Reached skill level 1 in Staves
  1473 | D:2      | Reached skill level 1 in Ranged Weapons
  1473 | D:2      | Reached skill level 1 in Throwing
  1473 | D:2      | Reached skill level 1 in Armour
  1473 | D:2      | Reached skill level 1 in Shields
  1473 | D:2      | Reached skill level 1 in Unarmed Combat
  1473 | D:2      | Reached skill level 1 in Evocations
  1579 | D:2      | Reached XP level 4. HP: 32/32 MP: 4/11
  1667 | D:2      | Learned a level 3 spell: Summon Guardian Golem
  1825 | D:2      | Reached skill level 1 in Conjurations
  1825 | D:2      | Reached skill level 1 in Hexes
  1825 | D:2      | Reached skill level 1 in Necromancy
  1825 | D:2      | Reached skill level 1 in Translocations
  1825 | D:2      | Reached skill level 1 in Transmutations
  1825 | D:2      | Reached skill level 1 in Fire Magic
  1825 | D:2      | Reached skill level 1 in Ice Magic
  1825 | D:2      | Reached skill level 1 in Air Magic
  1825 | D:2      | Reached skill level 1 in Earth Magic
  1825 | D:2      | Reached skill level 1 in Poison Magic
  2246 | D:2      | Noticed Jessica
  2249 | D:2      | Killed Jessica
  2250 | D:2      | Reached XP level 5. HP: 37/37 MP: 5/12
  2265 | D:2      | Learned a level 4 spell: Summon Lightning Spire
  3102 | D:3      | Identified the +2 long sword of Zareuzis {flame, rF- rN++
                  | Dex+4}
  3505 | D:3      | Noticed Ijyb
  3543 | D:3      | Killed Ijyb
  3799 | D:3      | Reached XP level 6. HP: 44/44 MP: 13/13
  4032 | D:4      | Noticed Pikel
  4040 | D:4      | Killed Pikel
  4041 | D:4      | Reached skill level 2 in Maces & Flails
  4041 | D:4      | Reached skill level 5 in Dodging
  4041 | D:4      | Reached skill level 5 in Stealth
  4041 | D:4      | Reached XP level 7. HP: 47/51 MP: 1/15
  4949 | D:4      | Reached skill level 3 in Maces & Flails
  4949 | D:4      | Reached XP level 8. HP: 53/58 MP: 16/16
  5026 | D:5      | Entered Level 5 of the Dungeon
  5035 | D:5      | Found a staircase to the Ecumenical Temple.
  5040 | Temple   | Entered the Ecumenical Temple
  6101 | D:5      | Reached skill level 4 in Maces & Flails
  7128 | D:6      | Reached XP level 9. HP: 65/65 MP: 11/18
  7603 | D:6      | Reached skill level 5 in Maces & Flails
  7704 | D:6      | Found Zin's Purification Station.
  7707 | D:6      | Found a glowing silver altar of Zin.
  7845 | D:7      | Found a hide-covered altar of Uskayaw.
  8047 | D:7      | Reached skill level 5 in Invocations
  8064 | D:7      | Found an ancient bone altar of Kikubaaqudgha.
  8335 | D:7      | Found a blossoming altar of Fedhas.
  8341 | D:7      | Found a stormy altar of Qazlal.
  8393 | D:7      | Found a runed translucent gate.
  8393 | D:7      | Found a runed translucent gate.
  8393 | D:7      | Found a runed translucent gate.
  8393 | D:7      | Noticed Jakamomo's ghost (novice MiFi)
  8393 | D:7      | Noticed a spectral unseen horror
  8549 | D:7      | Noticed a moth of wrath
  8554 | D:7      | Found a bloodstained altar of Trog.
  9030 | D:8      | Noticed Maggie
  9038 | D:8      | Killed Maggie
  9038 | D:8      | Noticed Prince Ribbit
  9039 | D:8      | Reached skill level 6 in Maces & Flails
  9053 | D:8      | Reached skill level 5 in Fighting
  9053 | D:8      | Reached skill level 5 in Short Blades
  9053 | D:8      | Reached skill level 5 in Long Blades
  9053 | D:8      | Reached skill level 5 in Axes
  9053 | D:8      | Reached skill level 5 in Polearms
  9053 | D:8      | Reached skill level 5 in Staves
  9053 | D:8      | Reached skill level 5 in Ranged Weapons
  9053 | D:8      | Reached skill level 5 in Throwing
  9053 | D:8      | Reached skill level 5 in Armour
  9053 | D:8      | Reached skill level 5 in Shields
  9053 | D:8      | Reached skill level 5 in Unarmed Combat
  9053 | D:8      | Reached skill level 5 in Evocations
  9053 | D:8      | Reached XP level 10. HP: 45/74 MP: 8/20
  9088 | D:8      | Killed Prince Ribbit
  9202 | D:8      | Found a sand-covered staircase.
  9209 | Ossuary  | Entered an ossuary
  9735 | D:8      | Found a broken altar of Ashenzari.
  9888 | D:8      | Found an ornate altar of the Wu Jian Council.
  9903 | D:8      | Found an opulent altar of Gozag.
  9927 | D:8      | Became a worshipper of Gozag Ym Sagoz the Greedy
 10264 | D:9      | Reached skill level 7 in Maces & Flails
 10555 | D:9      | Found a snail-covered altar of Cheibriados.
 10848 | D:9      | Found a radiant altar of Vehumet.
 10869 | D:9      | Found a burning altar of Makhleb.
 10965 | D:9      | Found a hazy altar of Hepliaklqana.
 11194 | D:9      | Learned a level 4 spell: Olgreb's Toxic Radiance
 11544 | D:9      | Noticed Gastronok
 11560 | D:9      | Killed Gastronok
 11561 | D:9      | Reached skill level 8 in Maces & Flails
 11561 | D:9      | Reached skill level 5 in Conjurations
 11561 | D:9      | Reached skill level 5 in Hexes
 11561 | D:9      | Reached skill level 5 in Necromancy
 11561 | D:9      | Reached skill level 5 in Translocations
 11561 | D:9      | Reached skill level 5 in Transmutations
 11561 | D:9      | Reached skill level 5 in Fire Magic
 11561 | D:9      | Reached skill level 5 in Ice Magic
 11561 | D:9      | Reached skill level 5 in Air Magic
 11561 | D:9      | Reached skill level 5 in Earth Magic
 11561 | D:9      | Reached skill level 5 in Poison Magic
 11561 | D:9      | Reached XP level 11. HP: 56/81 MP: 8/23
 11823 | D:10     | Entered Level 10 of the Dungeon
 11874 | D:10     | Noticed Maurice
 11897 | D:10     | Killed Maurice
 13083 | D:11     | Noticed a two-headed ogre
 13102 | D:11     | Killed a two-headed ogre
 13106 | D:11     | Noticed a red ugly thing
 13114 | D:11     | Killed a red ugly thing
 13446 | D:11     | Noticed Grum
 13456 | D:11     | Reached skill level 9 in Maces & Flails
 13462 | D:11     | Killed Grum
 13516 | D:11     | Noticed a cyclops
 13535 | D:11     | Killed a cyclops
 13644 | D:11     | Found a gate leading to a gauntlet.
 13948 | D:11     | Found a staircase to the Lair.
 14047 | D:11     | Noticed a manticore
 14058 | D:11     | Killed a manticore
 14173 | D:11     | Noticed Amaemon
 14192 | D:11     | Killed Amaemon
 14193 | D:11     | Reached XP level 12. HP: 72/91 MP: 3/24
 14314 | D:11     | Noticed Lodul
 14332 | D:11     | Killed Lodul
 14705 | D:12     | Noticed an eight-headed hydra
 14713 | D:12     | Killed an eight-headed hydra
 14924 | D:12     | Reached skill level 10 in Maces & Flails
 15129 | D:12     | Found a staircase to the Orcish Mines.
 15129 | D:12     | Noticed a boulder beetle
 15142 | D:12     | Killed a boulder beetle
 15282 | D:12     | Noticed a two-headed ogre
 15294 | D:12     | Killed a two-headed ogre
 15711 | D:12     | Noticed a boulder beetle
 15735 | D:12     | Killed a boulder beetle
 15844 | D:12     | Identified a scroll of acquirement
 15844 | D:12     | Acquired a book of the Wilderness
 15852 | D:12     | Learned a level 5 spell: Summon Mana Viper
 15859 | D:12     | Learned a level 6 spell: Summon Cactus Giant
 15995 | D:13     | Noticed a boulder beetle
 15995 | D:13     | Noticed a boulder beetle
 15996 | D:13     | Noticed a four-headed hydra
 16017 | D:13     | Noticed a boulder beetle
 16071 | D:12     | Killed a boulder beetle
 16659 | D:12     | Noticed an entropy weaver
 16681 | D:12     | Killed an entropy weaver
 17457 | D:13     | Killed a boulder beetle
 17655 | D:13     | Noticed a spark wasp
 17664 | D:13     | a spark wasp changed into a broodmother
 17664 | D:13     | Noticed a broodmother (shapeshifter)
 17682 | D:13     | Killed a broodmother
 17683 | D:13     | Reached skill level 11 in Maces & Flails
 17683 | D:13     | Reached XP level 13. HP: 47/98 MP: 5/26
 18069 | D:13     | Reached skill level 10 in Summonings
 18523 | D:13     | Found a gate to the Vaults.
 18523 | D:13     | Noticed a vault guard
 18523 | D:13     | Noticed a vault guard
 18523 | D:13     | Noticed a vault guard
 18524 | D:13     | Noticed a vault guard
 18525 | D:13     | Noticed a vault guard
 18526 | D:13     | Noticed a vault guard
 18538 | D:13     | Killed a vault guard
 18548 | D:13     | Killed a vault guard
 18561 | D:13     | Killed a vault guard
 18562 | D:13     | Noticed a vault guard
 18564 | D:13     | Killed a vault guard
 18564 | D:13     | Killed a vault guard
 18565 | D:13     | Reached skill level 10 in Spellcasting
 18566 | D:13     | Killed a vault guard
 18583 | D:13     | Killed a vault guard
 18958 | D:13     | Noticed a vault guard
 18966 | D:13     | Killed a vault guard
 19634 | Lair:1   | Entered Level 1 of the Lair of Beasts
 19731 | Lair:1   | Reached skill level 10 in Dodging
 19909 | Lair:1   | Found a sparkling altar of Nemelex Xobeh.
 20059 | Lair:1   | Reached skill level 12 in Maces & Flails
 20321 | Lair:1   | Reached skill level 10 in Stealth
 20520 | Lair:1   | Noticed Nergalle
 20535 | Lair:1   | Killed Nergalle
 20908 | Lair:2   | Found a staircase to the Snake Pit.
 21354 | Lair:2   | Reached XP level 14. HP: 108/108 MP: 22/28
 21375 | Lair:2   | Reached skill level 10 in Invocations
 21485 | Lair:2   | Found a staircase to the Swamp.
 22506 | Lair:2   | Learned a level 5 spell: Summon Forest
 23941 | Lair:4   | Reached skill level 13 in Maces & Flails
 25207 | Lair:5   | Entered Level 5 of the Lair of Beasts
 25220 | Lair:5   | Noticed Snorg
 25232 | Lair:5   | Killed Snorg
 25248 | Lair:5   | Noticed Kirke
 25252 | Lair:5   | Killed Kirke
 25298 | Lair:5   | Reached skill level 10 in Fighting
 25298 | Lair:5   | Reached skill level 10 in Short Blades
 25298 | Lair:5   | Reached skill level 10 in Long Blades
 25298 | Lair:5   | Reached skill level 10 in Axes
 25298 | Lair:5   | Reached skill level 10 in Polearms
 25298 | Lair:5   | Reached skill level 10 in Staves
 25298 | Lair:5   | Reached skill level 10 in Ranged Weapons
 25298 | Lair:5   | Reached skill level 10 in Throwing
 25298 | Lair:5   | Reached skill level 10 in Armour
 25298 | Lair:5   | Reached skill level 10 in Shields
 25298 | Lair:5   | Reached skill level 10 in Unarmed Combat
 25298 | Lair:5   | Reached skill level 10 in Evocations
 26059 | Lair:5   | Reached XP level 15. HP: 115/115 MP: 17/30
 26163 | Lair:5   | Found a staircase to the Slime Pits.
 26163 | Lair:5   | Found a viscous altar of Jiyva.
 26698 | Lair:5   | Reached skill level 14 in Maces & Flails
 27275 | Orc:1    | Entered Level 1 of the Orcish Mines
 27344 | Orc:2    | Entered Level 2 of the Orcish Mines
 27411 | Orc:2    | Found a staircase to the Elven Halls.
 27710 | Orc:1    | Found a runed translucent gate.
 27710 | Orc:1    | Found a runed translucent gate.
 27760 | Orc:1    | Found a runed translucent gate.
 27769 | Orc:1    | Noticed rpophessagr's ghost (journeyman HOMo)
 27974 | Orc:1    | Killed rpophessagr's ghost
 28035 | Orc:1    | Identified the staff of earth "Hetwaufu" {rC+}
 29152 | Orc:2    | Killed from afar by a smoke demon

Illustrated notes

Levels and vault maps discovered:
D:1:      dpeg_arrival_fog, layout_basic, shapermc_ecumenical_altar_totnotflames
D:2:      layout_basic, corexii_leaking_fountain, uniq_robin, uniq_jessica
D:3:      layout_loops_corners, hangedman_abyss_or_decor_stabs,
          minmay_starry_boxes, uniq_ijyb
D:4:      layout_basic, uniq_pikel
D:5:      layout_basic, minmay_temple_entry_glassed_door, nrook_mini_backslash
D:6:      kennysheep_steamy, layout_loops_ring, zin_purify, minivault_10
D:7:      layout_rooms, tgw_trog, mainiacjoe_overflow_boulevard,
          mainiacjoe_overflow_cross_hatched,
          grunt_temple_overflow_forces_of_nature, gammafunk_ghost_necromancy
D:8:      layout_loops_ring, lemuel_crystal_altar, mainiacjoe_overflow_chevrons,
          nicolae_gozag_seed_capital, nicolae_ossuary_entry_monument,
          hangedman_glass_teeth, solitary_fountain, uniq_prince_ribbit1,
          uniq_maggie
D:9:      layout_loops_corners, marbit_many_paths,
          mainiacjoe_overflow_six_doors_small, kennysheep_slug_shrine,
          mainiacjoe_overflow_paths, minmay_strange_pillars,
          minmay_increasing_density, uniq_gastronok
D:10:     layout_basic, uniq_maurice
D:11:     layout_cave_pools, erik_lair_island, gauntlet_entry_generic,
          uniq_lodul, uniq_amaemon, uniq_grum
D:12:     layout_roguey, orc_0_dummy
D:13:     layout_stronghold, erik_vaults_2, grunt_tough_drop
D:14:     layout_cave_pools, serial_bayou_shore_a
Temple:   compressed_dpeg_triangle_lava_temple
Lair:1:   layout_roguey, basic_altar, grunt_megastairs_4, uniq_nergalle
Lair:2:   layout_cave_pods, nicolae_swamp_entry_splash_gauntlet,
          guppyfry_snake_entry_island
Lair:3:   layout_small_grid
Lair:4:   layout_roguey
Lair:5:   evilmike_catoblepas_cave, layout_regular_city, slime_entry_1,
          chequers_serial_rivers_large_a, pond, uniq_kirke, uniq_snorg
Orc:1:    layout_diamond_mine, gammafunk_ghost_split
Orc:2:    st_orc_pillars, layout_diamond_mine, basic_altar

Skill      XL: |  1  2  3  4  5  6  7  8  9 10 11 12 13 14 15 |
---------------+----------------------------------------------+-----
Spellcasting   | 5 6 7 8 9 10 11 | 11.9
Invocations    | 1 2 3 4 5 6 7 8 9 10 11 | 11.7
Fighting       | 1 2 3 5 6 7 8 9 10 | 10.8
Short Blades   | 1 2 3 5 6 7 8 9 10 | 10.8
Long Blades    | 1 2 3 5 6 7 8 9 10 | 10.8
Axes           | 1 2 3 5 6 7 8 9 10 | 10.8
Maces & Flails | 1 2 3 4 6 8 9 11 12 13 14 | 14.6
Polearms       | 1 2 3 5 6 7 8 9 10 | 10.8
Staves         | 1 2 3 5 6 7 8 9 10 | 10.8
Ranged Weapons | 1 2 3 5 6 7 8 9 10 | 10.8
Throwing       | 1 2 3 5 6 7 8 9 10 | 10.8
Armour         | 1 2 3 5 6 7 8 9 10 | 10.8
Shields        | 1 2 3 5 6 7 8 9 10 | 10.8
Unarmed Combat | 1 2 3 5 6 7 8 9 10 | 10.8
Evocations     | 1 2 3 5 6 7 8 9 10 | 10.8
Conjurations   | 1 2 3 4 5 6 7 8 9 |  9.1
Hexes          | 1 2 3 4 5 6 7 8 9 |  9.1
Necromancy     | 1 2 3 4 5 6 7 8 9 |  9.1
Translocations | 1 2 3 4 5 6 7 8 9 |  9.1
Transmutations | 1 2 3 4 5 6 7 8 9 |  9.1
Fire Magic     | 1 2 3 4 5 6 7 8 9 |  9.1
Ice Magic      | 1 2 3 4 5 6 7 8 9 |  9.1
Air Magic      | 1 2 3 4 5 6 7 8 9 |  9.1
Earth Magic    | 1 2 3 4 5 6 7 8 9 |  9.1
Poison Magic   | 1 2 3 4 5 6 7 8 9 |  9.1
Dodging        | 5 6 7 8 9 10 11 | 11.7
Stealth        | 5 6 7 8 9 10 11 | 11.6
Summonings     | 8 9 10 11 | 11.5

Action                     |  1- 3 |  4- 6 |  7- 9 | 10-12 | 13-15 || total
---------------------------+-------+-------+-------+-------+-------++-------
  Melee: Unarmed           |     8 |       |       |       |       ||     8
         Whip              |    20 |       |       |       |       ||    20
         Club              |     2 |    20 |   158 |   148 |   266 ||   594
         Bite              |     1 |     7 |    20 |    22 |    56 ||   106
         Short sword       |    12 |    15 |       |       |       ||    27
         Punch             |       |       |     9 |     2 |       ||    11
         Dagger            |       |       |     1 |       |       ||     1
         Scimitar          |       |       |       |       |     9 ||     9
  Throw: Throwing net      |       |       |       |     8 |     1 ||     9
   Cast: Summon Small Mamm |    30 |    18 |    18 |    10 |       ||    76
         Call Imp          |    12 |    10 |    14 |    12 |     1 ||    49
         Call Canine Famil |     5 |    16 |    26 |    50 |    20 ||   117
         Summon Guardian G |       |     3 |     7 |    46 |    30 ||    86
         Summon Lightning  |       |     1 |    15 |    57 |    65 ||   138
         Olgreb's Toxic Ra |       |       |       |     1 |    18 ||    19
         Summon Mana Viper |       |       |       |       |    57 ||    57
         Summon Cactus Gia |       |       |       |       |    53 ||    53
         Summon Forest     |       |       |       |       |    21 ||    21
  Evoke: Wand              |       |       |       |     6 |     3 ||     9
    Use: Scroll            |       |       |    17 |    16 |     8 ||    41
         Potion            |       |       |     5 |     3 |     3 ||    11
   Stab: Distracted        |     2 |       |     5 |     5 |     9 ||    21
         Sleeping          |     1 |     3 |     8 |     2 |     2 ||    16
 Armour: Robe              |     6 |    11 |    71 |    63 |    47 ||   198
  Dodge: Dodged            |    33 |    30 |   107 |   234 |   239 ||   643
  Block: Buckler           |       |       |       |    55 |    79 ||   134
